 Dungeon Crawl Stone Soup version 0.14.2 (webtiles) character file.

344 Amnesiac the Charlatan (level 5, 0/27 HPs)
             Began as a Spriggan Artificer on Feb 4, 2018.
             Slain by an adder (3 damage)
             ... while paralysed by a potion of paralysis
             ... in a sewer.
             The game lasted 00:06:49 (3759 turns).

Amnesiac the Charlatan (Spriggan Artificer)         Turns: 3759, Time: 00:06:49

HP   0/27        AC  2     Str  7      XL: 5   Next: 61%
MP  13/13        EV  4     Int 13      God:
Gold 128         SH  0     Dex 18      Spells:  0 memorised,  4 levels left

rFire  . . .     SeeInvis +     b - +0 blowgun
rCold  . . .     Clarity  .     e - +0 robe
rNeg   . . .     Conserve .     h - +0 buckler
rPois  .         rCorr    .     (helmet restricted)
rElec  .         rRot     .     (no cloak)
SustAb . .       Spirit   .     (gloves unavailable)
rMut   .         Warding  .     (boots unavailable)
Saprov . . .     Stasis   .     (no amulet)
MR     .....                    (no ring)
                                (no ring)

@: paralysed, lethally poisoned, very quick, not resistant to hostile
enchantments, unstealthy
A: unfitting armour, see invisible, herbivore 3, speed 3, slow metabolism 2
a: no special abilities


You were in a sewer.
You were very full.

You visited 1 branch of the dungeon, and saw 4 of its levels.
You also visited: Sewer.

You collected 128 gold pieces.

Inventory:

Hand weapons
 a - a +2,+1 dagger of flaming
 b - a +0 blowgun (weapon)
Missiles
 p - 10 poisoned needles (quivered)
 D - 14 darts
Armour
 e - a +0 robe (worn)
 h - a +0 buckler (worn)
Magical devices
 c - a wand of enslavement (5)
 d - a wand of random effects (4)
 y - a wand of flame (7)
Comestibles
 i - 2 bread rations
 m - a choko
 E - 5 grapes
Scrolls
 g - 2 scrolls of amnesia {!r, unknown}
 j - 4 scrolls of remove curse {!r, unknown}
 k - 6 scrolls of identify {!r, unknown}
 l - 2 scrolls of enchant weapon II {!r, unknown}
 n - a scroll of magic mapping {!r, unknown}
 r - 2 scrolls of blinking {!r, unknown}
 s - a scroll of teleportation {!r, unknown}
 t - 2 scrolls of noise {!r, unknown}
 v - 2 scrolls of enchant weapon I {!r, unknown}
 A - a scroll of recharging {!r, unknown}
 F - a scroll of random uselessness {!r, unknown}
Jewellery
 w - an uncursed amulet of inaccuracy {unknown}
 C - an uncursed amulet of resist corrosion {unknown}
Potions
 f - a potion of curing {!q, unknown}
 o - a potion of cure mutation {!q, unknown}
 q - a potion of lignification {!q, unknown}
 u - a potion of magic {!q, unknown}
 x - a potion of might {!q, unknown}
 z - a potion of heal wounds {!q}


   Skills:
 + Level 2.6 Fighting
 - Level 1.1 Short Blades
 - Level 4.0 Dodging
 - Level 1.5 Stealth
 - Level 3.0 Shields
 - Level 4.0 Evocations


You had 4 spell levels left.
You didn't know any spells.

Dungeon Overview and Level Annotations

Branches:
Dungeon (4/15)
 Temple: D:4-7

Altars:
Makhleb
Okawaru

Annotations:
Sewer casual's ghost, average KoTm


Innate Abilities, Weirdness & Mutations

You are tiny and cannot use many weapons and most armour.
You have supernaturally acute eyesight.
You are a herbivore.
You cover ground extremely quickly.
You need consume almost no food.


Message History

The rat bites casual's ghost.
The adder completely misses casual's ghost.
Casual's ghost hits the rat.
The rat dies!
The adder closely misses casual's ghost.
What do you say? t - Shout!
Orders for allies: a - Attack new target. p - Attack previous target. r - Retreat! s - Stop attacking. w - Wait here. f - Follow me.
Anything else - Stay silent.
Gang up on whom?
Press: ? - help, Dir - move target cursor, f - green rat, p - adder
Aim: a green rat Attack!
You kill the adder!
Casual's ghost barely misses the green rat.
The kobold throws a dart.
The dart hits casual's ghost.
You hear a splash.
An adder comes into view.
You feel sick.
Evoke which item? (* to show all) (? for menu, Esc to quit)
Zapping:
c - a wand of enslavement (7)
Press: ? - help, Shift-Dir - straight line, f - adder, p - green rat
Aim: an adder The adder struggles to resist.
This wand has 6 charges left.
Casual's ghost barely misses the kobold.
You block the adder's attack.
Evoke which item? (* to show all) (? for menu, Esc to quit)
Zapping:
c - a wand of enslavement (6)
Press: ? - help, Shift-Dir - straight line, p - adder Nothing appears to happen.
This wand has 5 charges left.
Casual's ghost hits the kobold!
The kobold dies!
You hear a splash. x2
You block the adder's attack.
Firing (i - inventory. (,) - cycle):
p - 11 poisoned needles (quivered)
Press: ? - help, Shift-Dir - straight line, f - adder
Aim: an adder You shoot a poisoned needle.
The poisoned needle misses the adder.
You hear a splash.
The adder bites you.
* * * LOW HITPOINT WARNING * * *
You are more poisoned.
The adder poisons you!
The green rat splashes around in the water.
You feel sick. You block the adder's attack.
You enter the shallow water.
Moving in this stuff is going to be slow.
A worm comes into view.
The adder bites you.
* * * LOW HITPOINT WARNING * * *
You are more poisoned.
The adder poisons you!
* * * LOW HITPOINT WARNING * * *
You feel sick. You block the adder's attack. The adder completely misses you.
* * * LOW HITPOINT WARNING * * *
You feel sick.
Drink which item? (? for menu, Esc to quit)
Really quaff
B - a silvery potion {!q}?
You suddenly lose the ability to move!
It was a potion of paralysis {!q}.
* * * LOW HITPOINT WARNING * * *
You feel sick. The adder bites you.
You die...

!.#####.(.%≈####..
##%..## ##)## #≈#
#≈# ##≈## ≈
##p.≈##
≈....#####...≈≈#
≈...w≈≈≈@Sr....#
.....#####.≈..≈# .
##.≈.## #####


You could see a worm, an adder, a green rat and the friendly casual's ghost.

Vanquished Creatures
  A crimson imp (D:4)
  An iguana (D:4)
  2 gnolls (D:4)
  A green rat (D:4)
  6 adders
  A giant mite (D:3)
  A worm (D:2)
  4 giant geckos
  An ooze (D:1)
  3 orcs (D:3)
  5 goblins
  3 hobgoblins
  7 jackals (D:1)
  5 kobolds
  2 ball pythons (D:4)
  10 bats
  3 giant cockroaches
  5 giant newts
  4 quokkas
  12 rats
  A rat skeleton (D:4)
78 creatures vanquished.

Vanquished Creatures (collateral kills)
  2 adders
  A gnoll (D:4)
  A giant cockroach (D:4)
  A hobgoblin (D:2)
  2 kobolds
  A rat (Sewer)
8 creatures vanquished.

Vanquished Creatures (others)
  A worker ant (D:4)
  An adder (D:2)
2 creatures vanquished.

Grand Total: 88 creatures vanquished

Notes
Turn   | Place    | Note
--------------------------------------------------------------
     0 | D:1      | Amnesiac, the Spriggan Artificer, began the quest for the Orb.
     0 | D:1      | Reached XP level 1. HP: 9/9 MP: 2/2
   159 | D:1      | Reached XP level 2. HP: 7/14 MP: 5/5
   663 | D:1      | Reached skill level 1 in Shields
   985 | D:2      | Reached XP level 3. HP: 14/17 MP: 8/8
  1910 | D:3      | Reached XP level 4. HP: 9/21 MP: 10/10
  3158 | D:4      | Found a burning altar of Makhleb.
  3169 | D:4      | Reached skill level 1 in Fighting
  3169 | D:4      | Reached XP level 5. HP: 21/25 MP: 13/13
  3545 | D:4      | Found an iron altar of Okawaru.
  3698 | D:4      | Found a glowing drain.
  3731 | Sewer    | Entered a sewer
  3731 | Sewer    | Noticed casual's ghost (average KoTm)
  3759 | Sewer    | Paralysed by a potion of paralysis for 2 turns
  3759 | Sewer    | Slain by an adder

Action                   |  1- 3 |  4- 6 || total
-------------------------+-------+-------++-------
Melee: Short sword       |    76 |       ||    76
       Dagger            |    86 |    94 ||   180
 Fire: Blowgun           |       |    31 ||    31
Evoke: Wand              |    10 |    19 ||    29
  Use: Potion            |       |     4 ||     4
 Stab: Sleeping          |     3 |     4 ||     7
       Distracted        |     1 |       ||     1
       Betrayed ally     |       |     1 ||     1
